3L
MONTANA PANDAS @ CHICAGO HAWKS
07/18/2031
 
TOP OF THE 1ST
Montana Pandas batting - Pitching for Chicago Hawks : RHP Lucas Begay
Pitching: RHP Lucas Begay
Batting: LHB Roberto Fierro 0-0: Ball
1-0: Swinging Strike
1-1: Called Strike
1-2: Foul Ball, location: 2F
1-2: Strikes out looking
Batting: RHB Kade Knowles 0-0: Ball
1-0: Ball
2-0: Foul Ball, location: 2F
2-1: Ground out 6-3 (Groundball, 6M)
Batting: LHB Miguel Gazivoda 0-0: Called Strike
0-1: Foul Ball, location: 2F
0-2: Ball
1-2: Ball
2-2: Fly out, F9 (Flyball, 9)
Top of the 1st over - 0 runs, 0 hits, 0 errors, 0 left on base; Montana 0 - Chicago 0
BOTTOM OF THE 1ST
Chicago Hawks batting - Pitching for Montana Pandas : RHP José Marroquín
Pitching: RHP José Marroquín
Batting: RHB Reg Spiers 0-0: Swinging Strike
0-1: Called Strike
0-2: Fly out, F7 (Flyball, 7S)
Batting: SHB Luis Manuel Flores 0-0: Ball
1-0: Called Strike
1-1: Called Strike
1-2: Foul Ball, location: 2F
1-2: Foul Ball, location: 2F
1-2: Ground out 4-3 (Groundball, 4MS)
Batting: LHB Jeff Simpson 0-0: Ball
1-0: Swinging Strike
1-1: Ball
2-1: Foul Ball, location: 2F
2-2: Ball
3-2: DOUBLE (Flyball, 8RXD)
Batting: LHB Scott Janousek 0-0: Foul Ball, location: 2F
0-1: Ball
1-1: Ball
2-1: Foul Ball, location: 2F
2-2: Ball
3-2: Base on Balls
Batting: RHB Kumanosuke Asano 0-0: Ball
1-0: Fly out, F8 (Flyball, 8RD)
Bottom of the 1st over - 0 runs, 1 hit, 0 errors, 2 left on base; Montana 0 - Chicago 0
TOP OF THE 2ND
Montana Pandas batting - Pitching for Chicago Hawks : RHP Lucas Begay
Batting: LHB Terrence Eler 0-0: Ball
1-0: Swinging Strike
1-1: Ball
2-1: Ball
3-1: Foul Ball, location: 2F
3-2: Foul Ball, location: 2F
3-2: Base on Balls
Pitching: RHP Javier Mora
Batting: RHB Casey Cavell 0-0: Grounds into double play, 1-6-3 (Groundball, P)
Batting: RHB Pedro Morales 0-0: Ball
1-0: Ball
2-0: Ball
3-0: Foul Ball, location: 2F
3-1: Base on Balls
Batting: RHB Lionel McCloud 0-0: Called Strike
0-1: Swinging Strike
0-2: Strikes out looking
Top of the 2nd over - 0 runs, 0 hits, 0 errors, 1 left on base; Montana 0 - Chicago 0
BOTTOM OF THE 2ND
Chicago Hawks batting - Pitching for Montana Pandas : RHP José Marroquín
Batting: LHB Cole Thrash 0-0: Swinging Strike
0-1: Ball
1-1: Foul Ball, location: 2F
1-2: Strikes out swinging
Batting: RHB Paddy Hodnett 0-0: Called Strike
0-1: Ball
1-1: Ground out 6-3 (Groundball, 6)
Batting: RHB Lane McCool 0-0: Called Strike
0-1: Fly out, F7 (Flyball, 7S)
Bottom of the 2nd over - 0 runs, 0 hits, 0 errors, 0 left on base; Montana 0 - Chicago 0
TOP OF THE 3RD
Montana Pandas batting - Pitching for Chicago Hawks : RHP Javier Mora
Batting: RHB Lytle Creek 0-0: Swinging Strike
0-1: Ball
1-1: Swinging Strike
1-2: Strikes out swinging
Batting: RHB José Palácios 0-0: Ball
1-0: Swinging Strike
1-1: Foul Ball, location: 2F
1-2: Foul Ball, location: 2F
1-2: Foul Ball, location: 2F
1-2: Strikes out swinging
Batting: LHB Roberto Fierro 0-0: Ball
1-0: Foul Ball, location: 2F
1-1: Called Strike
1-2: Ground out 4-3 (Groundball, 4)
Top of the 3rd over - 0 runs, 0 hits, 0 errors, 0 left on base; Montana 0 - Chicago 0
BOTTOM OF THE 3RD
Chicago Hawks batting - Pitching for Montana Pandas : RHP José Marroquín
Batting: LHB Errol Levick 0-0: SINGLE (Groundball, 4MD)
Batting: RHB Reg Spiers 0-0: Ball
1-0: Foul Ball, location: 2F
1-1: Ball
2-1: Swinging Strike
2-2: Foul Ball, location: 2F
2-2: Ball
3-2: Base on Balls
Errol Levick to second
Batting: SHB Luis Manuel Flores 0-0: Ball
1-0: Called Strike
1-1: Foul Ball, location: 2F
1-2: Ball
2-2: Foul Ball, location: 2F
2-2: Fly out, F7 (Flyball, 78S)
Batting: LHB Jeff Simpson 0-0: Foul Ball, location: 2F
0-1: Swinging Strike
0-2: SINGLE (Line Drive, 4MD)
Errol Levick to third
Reg Spiers to second
Batting: LHB Scott Janousek 0-0: Ball
1-0: GRAND SLAM HOME RUN (Line Drive, 8RXD), Distance : 427 ft
Batting: RHB Kumanosuke Asano 0-0: Ball
1-0: Foul Ball, location: 2F
1-1: Ball
2-1: Foul Ball, location: 2F
2-2: Ball
3-2: Foul Ball, location: 2F
3-2: Ground out U3 (Groundball, 34)
Batting: LHB Cole Thrash 0-0: Foul Ball, location: 2F
0-1: Foul Ball, location: 2F
0-2: Ball
1-2: DOUBLE (Flyball, 7D)
Batting: RHB Paddy Hodnett 0-0: Ball
1-0: Called Strike
1-1: Ball
2-1: Foul Ball, location: 2F
2-2: 2-RUN HOME RUN (Flyball, 9D), Distance : 358 ft
Batting: RHB Lane McCool 0-0: Ball
1-0: Ball
2-0: Ball
3-0: Reached on error, E3 (Groundball, 34S)
Batting: LHB Errol Levick 0-0: Ball
1-0: Ball
2-0: Ball
3-0: Base on Balls
Batting: RHB Reg Spiers 0-0: Swinging Strike
0-1: Foul Ball, location: 2F
0-2: SINGLE (Line Drive, 6MD)
Lane McCool to third
Errol Levick to second
Batting: SHB Luis Manuel Flores 0-0: Ball
1-0: Fly out, F5 (Line Drive, 5)
Bottom of the 3rd over - 6 runs, 6 hits, 1 error, 3 left on base; Montana 0 - Chicago 6
TOP OF THE 4TH
Montana Pandas batting - Pitching for Chicago Hawks : RHP Javier Mora
Batting: RHB Kade Knowles 0-0: Ball
1-0: Foul Ball, location: 2F
1-1: Ball
2-1: Ball
3-1: Foul Ball, location: 2F
3-2: Foul Ball, location: 2F
3-2: Foul Ball, location: 2F
3-2: Base on Balls
Batting: LHB Miguel Gazivoda 0-0: Ball
1-0: Called Strike
1-1: Ball
2-1: Swinging Strike
2-2: Ball
3-2: Strikes out looking
Kade Knowles steals 2nd base
Batter strikes out.
Batting: LHB Terrence Eler 0-0: Called Strike
0-1: Called Strike
0-2: Strikes out swinging
Batting: RHB Casey Cavell 0-0: Foul Ball, location: 2F
0-1: Ball
1-1: Foul Ball, location: 2F
1-2: Strikes out looking
Top of the 4th over - 0 runs, 0 hits, 0 errors, 1 left on base; Montana 0 - Chicago 6
BOTTOM OF THE 4TH
Chicago Hawks batting - Pitching for Montana Pandas : RHP José Marroquín
Batting: LHB Jeff Simpson 0-0: Called Strike
0-1: Ball
1-1: Fly out, F3 (Popup, 3S)
Batting: LHB Scott Janousek 0-0: Swinging Strike
0-1: Ground out 4-3 (Groundball, 4D)
Batting: RHB Kumanosuke Asano 0-0: Called Strike
0-1: Called Strike
0-2: Strikes out swinging
Bottom of the 4th over - 0 runs, 0 hits, 0 errors, 0 left on base; Montana 0 - Chicago 6
TOP OF THE 5TH
Montana Pandas batting - Pitching for Chicago Hawks : RHP Javier Mora
Batting: RHB Pedro Morales 0-0: Ball
1-0: Called Strike
1-1: Foul Ball, location: 2F
1-2: Ball
2-2: Foul Ball, location: 2F
2-2: Foul Ball, location: 2F
2-2: Ball
3-2: Foul Ball, location: 2F
3-2: Foul Ball, location: 2F
3-2: Strikes out swinging
Batting: RHB Lionel McCloud 0-0: Ball
1-0: Ball
2-0: Ball
3-0: Called Strike
3-1: Base on Balls
Pitching: LHP Tzu-hsia Ong
Batting: RHB Lytle Creek 0-0: Called Strike
0-1: Foul Ball, location: 2F
0-2: Strikes out swinging
Batting: RHB José Palácios 0-0: Ground out 4-3 (Groundball, 4)
Top of the 5th over - 0 runs, 0 hits, 0 errors, 1 left on base; Montana 0 - Chicago 6
BOTTOM OF THE 5TH
Chicago Hawks batting - Pitching for Montana Pandas : RHP José Marroquín
Pitching: RHP Travis Carson
Batting: LHB Cole Thrash 0-0: Ball
1-0: Called Strike
1-1: Fly out, F7 (Flyball, 7LMF)
Batting: RHB Paddy Hodnett 0-0: Ball
1-0: Foul Ball, location: 2F
1-1: Ball
2-1: Called Strike
2-2: Ground out U3 (Groundball, 34)
Batting: RHB Lane McCool 0-0: Ball
1-0: Ball
2-0: Ground out 5-3 (Groundball, 56)
Bottom of the 5th over - 0 runs, 0 hits, 0 errors, 0 left on base; Montana 0 - Chicago 6
TOP OF THE 6TH
Montana Pandas batting - Pitching for Chicago Hawks : LHP Tzu-hsia Ong
Batting: LHB Roberto Fierro 0-0: Called Strike
0-1: Ball
1-1: Fly out, F5 (Popup, 5)
Batting: RHB Kade Knowles 0-0: Foul Ball, location: 2F
0-1: SINGLE (Line Drive, 56D)
Batting: LHB Miguel Gazivoda 0-0: Called Strike
0-1: Swinging Strike
0-2: SINGLE (Groundball, 4MD)
Kade Knowles to second
Runner from 2nd tries for 3rd, SAFE, no throw
Batting: LHB Terrence Eler 0-0: Called Strike
0-1: Ball
1-1: Ball
2-1: Ball
3-1: Base on Balls
Miguel Gazivoda to second
Batting: RHB Casey Cavell 0-0: Ball
1-0: Foul Ball, location: 2F
1-1: Ball
2-1: SINGLE (Groundball, 5) (infield hit)
Kade Knowles scores
Miguel Gazivoda to third
Terrence Eler to second
Batting: RHB Pedro Morales 0-0: Swinging Strike
0-1: Called Strike
0-2: Fly out, F7 (Line Drive, 7D)
Runner from 3rd tags up, SCORES, no throw
Pitching: LHP Travis Grant
Batting: RHB Lionel McCloud 0-0: Called Strike
0-1: Ball
1-1: Ball
2-1: Ball
3-1: Foul Ball, location: 2F
3-2: Strikes out swinging
Top of the 6th over - 2 runs, 3 hits, 0 errors, 2 left on base; Montana 2 - Chicago 6
BOTTOM OF THE 6TH
Chicago Hawks batting - Pitching for Montana Pandas : RHP Travis Carson
Batting: LHB Errol Levick 0-0: Foul Ball, location: 2F
0-1: Ball
1-1: Called Strike
1-2: Foul Ball, location: 2F
1-2: Strikes out looking
Batting: RHB Reg Spiers 0-0: Called Strike
0-1: Ball
1-1: Foul Ball, location: 2F
1-2: Foul Ball, location: 2F
1-2: Foul Ball, location: 2F
1-2: Ball
2-2: Ground out 4-3 (Groundball, 4S)
Batting: SHB Luis Manuel Flores 0-0: Ball
1-0: Ground out 4-3 (Groundball, 4S)
Bottom of the 6th over - 0 runs, 0 hits, 0 errors, 0 left on base; Montana 2 - Chicago 6
TOP OF THE 7TH
Montana Pandas batting - Pitching for Chicago Hawks : LHP Travis Grant
Batting: RHB Lytle Creek 0-0: Ball
1-0: Called Strike
1-1: Ball
2-1: Called Strike
2-2: Ball
3-2: SINGLE (Line Drive, 5)
Batting: RHB José Palácios 0-0: SINGLE (Groundball, 56S) (infield hit)
Lytle Creek to second
Batting: LHB Roberto Fierro 0-0: Ball
1-0: Ground out 3-1 (Groundball, 34S)
Lytle Creek to third
José Palácios to second
Batting: RHB Kade Knowles 0-0: SINGLE (Groundball, 6D)
Lytle Creek scores
José Palácios to third
Runner from 3rd tries for Home, throw and OUT!
Batting: LHB Miguel Gazivoda 0-0: Called Strike
0-1: Ball
1-1: Ball
2-1: Ball
3-1: Fly out, F9 (Flyball, 9LD)
Top of the 7th over - 1 run, 3 hits, 0 errors, 1 left on base; Montana 3 - Chicago 6
BOTTOM OF THE 7TH
Chicago Hawks batting - Pitching for Montana Pandas : RHP Travis Carson
Batting: LHB Jeff Simpson 0-0: Ball
1-0: Foul Ball, location: 2F
1-1: Ground out 4-3 (Groundball, 4)
Batting: LHB Scott Janousek 0-0: Ball
1-0: Swinging Strike
1-1: Swinging Strike
1-2: Strikes out looking
Batting: RHB Kumanosuke Asano 0-0: Called Strike
0-1: Swinging Strike
0-2: Ball
1-2: Strikes out swinging
Bottom of the 7th over - 0 runs, 0 hits, 0 errors, 0 left on base; Montana 3 - Chicago 6
TOP OF THE 8TH
Montana Pandas batting - Pitching for Chicago Hawks : LHP Travis Grant
Batting: LHB Terrence Eler 0-0: Swinging Strike
0-1: Fly out, F8 (Flyball, 8RS)
Batting: RHB Casey Cavell 0-0: Foul Ball, location: 2F
0-1: Ball
1-1: Ball
2-1: Fly out, F9 (Flyball, 89D)
Batting: RHB Pedro Morales 0-0: Called Strike
0-1: Ball
1-1: Ball
2-1: Ball
3-1: Called Strike
3-2: Base on Balls
Batting: RHB Lionel McCloud 0-0: Ball
1-0: Foul Ball, location: 2F
1-1: Ball
2-1: SINGLE (Groundball, 6D)
Pedro Morales to second
Batting: RHB Lytle Creek 0-0: Called Strike
0-1: Foul Ball, location: 2F
0-2: Strikes out swinging
Top of the 8th over - 0 runs, 1 hit, 0 errors, 2 left on base; Montana 3 - Chicago 6
BOTTOM OF THE 8TH
Chicago Hawks batting - Pitching for Montana Pandas : RHP Travis Carson
Pitching: RHP Pedro Valdéz
Batting: LHB Cole Thrash 0-0: Swinging Strike
0-1: Foul Ball, location: 2F
0-2: Ball
1-2: Foul Ball, location: 2F
1-2: Ground out 5-3 (Groundball, 56)
Batting: RHB Paddy Hodnett 0-0: Swinging Strike
0-1: Foul Ball, location: 2F
0-2: Ball
1-2: Strikes out swinging
Batting: RHB Lane McCool 0-0: Called Strike
0-1: SOLO HOME RUN (Flyball, 7LD), Distance : 353 ft
Batting: LHB Errol Levick 0-0: Called Strike
0-1: Foul Ball, location: 2F
0-2: Foul Ball, location: 2F
0-2: Ball
1-2: Foul Ball, location: 2F
1-2: Ball
2-2: Ball
3-2: Foul Ball, location: 2F
3-2: Base on Balls
Batting: RHB Reg Spiers 0-0: Foul Ball, location: 2F
0-1: Foul Ball, location: 2F
0-2: Foul Ball, location: 2F
0-2: Fly out, F9 (Flyball, 9)
Bottom of the 8th over - 1 run, 1 hit, 0 errors, 1 left on base; Montana 3 - Chicago 7
TOP OF THE 9TH
Montana Pandas batting - Pitching for Chicago Hawks : LHP Travis Grant
Batting: RHB José Palácios 0-0: Fly out, F9 (Flyball, 9LM)
Batting: LHB Roberto Fierro 0-0: Ball
1-0: Ground out U3 (Groundball, 3L)
Batting: RHB Kade Knowles 0-0: Ball
1-0: Fly out, F8 (Line Drive, 8RM)
Top of the 9th over - 0 runs, 0 hits, 0 errors, 0 left on base; Montana 3 - Chicago 7
Tuesday, June 12th, 2018 - OOTP Baseball 18.8 Build 76